Sewer Rats vs Mulligans
Created - March 3, 2021 at 19:21
Goals
|
Sewer Rats |
0 |
1 |
3 |
0 |
1 |
5 |
Mulligans |
1 |
2 |
1 |
0 |
0 |
4 |
|
Shots
|
Sewer Rats |
6 |
12 |
17 |
3 |
4 |
38 |
Mulligans |
20 |
7 |
14 |
0 |
4 |
41 |
|
1st period
1. Mulligans , Jonny Brodzinski 10 (Darren Dietz 12, Maxime Macenauer 19) at 15:53
Penalties :
No Penalty
2nd period
2. Mulligans , Joonas Donskoi 21 (Maxime Macenauer 20) at 1:59
3. Mulligans , Logan Shaw 26 (Sven Baertschi 23, Anton Lander 48) at 2:07 (PP)
4. Sewer Rats , Joseph Blandisi 25 (Jonathan Marchessault 39, Joel Edmundson 19) at 9:54
Penalties :
Vincent Trocheck (Tol) for Interference (Minor) at 2:02, Erik Condra (Tol) for Hooking (Minor) at 7:04
3rd period
5. Sewer Rats , Anthony Duclair 11 (Dmitrij Jaskin 20, Erik Condra 28) at 6:25
6. Mulligans , Valeri Nichushkin 8 (Ben Hutton 32, Robby Fabbri 19) at 15:23
7. Sewer Rats , Vincent Trocheck 26 (Xavier Ouellet 1, Darcy Kuemper) at 18:05
8. Sewer Rats , Stefan Elliott 7 (Vincent Trocheck 50, Mark Mancari 37) at 19:07
Penalties :
Darren Dietz (Rep) for Charging (Minor) at 2:52, Christian Wolanin (Rep) for Holding (Minor) at 8:47
Overtime #1
No Goal
Penalties :
Stefan Elliott (Tol) for Tripping (Minor) at 0:05
Shootout
Sewer Rats, Vincent Trocheck - Stopped by Calvin Pickard
Mulligans, Anton Lander - Stopped by Darcy Kuemper
Sewer Rats, Mark Mancari - Stopped by Calvin Pickard
Mulligans, Logan Shaw - Stopped by Darcy Kuemper
Sewer Rats, Daniel Carr - Shot Misses the Net
Mulligans, Maxime Macenauer - Stopped by Darcy Kuemper
Sewer Rats, Erik Condra - Goal!
Mulligans, Sven Baertschi - Stopped by Darcy Kuemper
Penalties :
No Penalty
Goalie Stats
Darcy Kuemper (Tol), 37 saves from 41 shots - (0.902), W, 12-8-1, 64:44 minutes
Calvin Pickard (Rep), 34 saves from 38 shots - (0.895), OTL, 16-22-3, 65:00 minutes
Players Stats for Sewer Rats
Player Name G A P +/- PIM S H SB GA TA FO MP PP MP PK MP
------------------------------------------------------------------------------------
Anthony Duclair 1 0 1 -1 0 3 1 0 1 1 0/0 12:30 0:00 0:00
Connor Carrick 0 0 0 0 0 0 0 0 0 0 0/0 11:39 0:00 1:13
Daniel Carr 0 0 0 0 0 5 0 1 0 0 2/3 19:48 2:11 0:48
Dmitrij Jaskin 0 1 1 -1 0 7 1 0 2 0 1/1 14:02 0:00 0:00
Drake Caggiula 0 0 0 -1 0 0 1 0 0 0 2/4 13:53 0:00 1:16
Erik Condra 0 1 1 2 2 5 0 0 0 0 0/0 17:53 1:47 0:00
Jared McCann 0 0 0 0 0 0 0 0 0 1 0/0 11:51 0:00 0:00
Jarred Tinordi 0 0 0 -1 0 0 2 2 0 0 0/0 27:32 2:19 2:54
Joel Edmundson 0 1 1 0 0 0 1 1 0 0 0/0 20:33 1:39 0:56
John Ramage 0 0 0 0 0 1 0 0 0 0 0/0 20:33 1:39 0:56
Jonathan Marchessault 0 1 1 2 0 1 1 1 0 0 5/12 16:44 1:47 0:00
Joseph Blandisi 1 0 1 2 0 2 3 0 0 0 0/1 16:54 1:47 0:10
Mark Mancari 0 1 1 0 0 6 1 0 2 0 0/3 30:07 2:11 1:42
Ryan Murphy 0 0 0 0 0 0 0 0 0 0 0/0 10:17 0:00 0:00
Stefan Elliott 1 0 1 -1 2 2 1 3 1 2 0/0 26:19 2:19 1:42
Thomas Chabot 0 0 0 2 0 0 0 1 0 1 0/0 7:01 0:00 0:25
Vincent Trocheck 1 1 2 0 2 5 1 0 0 0 18/39 21:44 2:11 2:01
Xavier Ouellet 0 1 1 2 0 0 0 0 0 2 0/0 6:16 0:00 0:00
Zach Aston-Reese 0 0 0 0 0 1 1 1 0 0 2/4 10:18 0:00 0:10
Players Stats for Mulligans
Player Name G A P +/- PIM S H SB GA TA FO MP PP MP PK MP
------------------------------------------------------------------------------------
Alexander Dergachyov 0 0 0 0 0 0 0 0 0 0 0/0 1:33 0:13 0:00
Anton Lander 0 1 1 -3 0 2 0 0 1 1 19/33 26:10 1:00 2:07
Ben Hutton 0 1 1 1 0 3 1 2 0 2 0/0 32:38 1:25 2:17
Brandon Carlo 0 0 0 1 0 3 2 1 0 2 0/0 32:50 1:25 2:27
Brett Seney 0 0 0 1 0 4 0 1 3 1 0/0 11:33 0:00 0:00
Christian Wolanin 0 0 0 -2 2 1 1 0 0 0 0/0 11:03 0:00 0:35
Conor Garland 0 0 0 0 0 2 1 0 0 0 0/0 6:33 0:00 0:00
Cristiano Digiacinto 0 0 0 0 0 1 0 0 0 0 0/0 6:33 0:00 0:00
Darren Dietz 0 1 1 0 2 1 2 0 1 0 0/0 21:10 0:39 0:56
Ilya Lyubushkin 0 0 0 0 0 2 2 2 0 0 0/0 21:56 0:39 1:41
Jonny Brodzinski 1 0 1 0 0 4 1 0 0 0 2/2 6:33 0:00 0:00
Joonas Donskoi 1 0 1 1 0 1 1 0 0 0 0/0 15:59 1:03 0:00
Logan Shaw 1 0 1 -3 0 7 2 0 1 0 0/1 25:58 0:49 2:10
Maxime Macenauer 0 2 2 1 0 4 3 0 1 0 10/17 18:47 1:03 1:12
Reid Boucher 0 0 0 1 0 0 2 0 0 0 0/0 15:59 1:03 0:00
Robbie Russo 0 0 0 -2 0 0 0 0 0 0 0/0 10:26 0:00 0:00
Robby Fabbri 0 1 1 1 0 2 3 1 0 0 6/14 12:39 0:00 0:54
Sven Baertschi 0 1 1 -3 0 2 1 1 0 0 0/0 24:45 0:49 1:33
Valeri Nichushkin 1 0 1 1 0 2 1 0 0 0 0/0 12:55 0:12 0:00
3 Stars
1 - Joseph Blandisi (Tol)
2 - Maxime Macenauer (Rep)
3 - Vincent Trocheck (Tol)
Power Play
Sewer Rats - 0 on 2 Attempt(s) - 0.00%
Mulligans - 1 on 3 Attempt(s) - 33.33%
Penalty Kill
Sewer Rats - 2 on 3 Attempt(s) - 66.67%
- Score 0 goal in Penalty Kill
Mulligans - 2 on 2 Attempt(s) - 100.00%
- Score 0 goal in Penalty Kill
Team Stat
Sewer Rats - Hits : 14 - Faceoff Wins : 30 - Blocked Shots : 10 - Penalty Minutes : 6
Mulligans - Hits : 23 - Faceoff Wins : 37 - Blocked Shots : 8 - Penalty Minutes : 4
Official
Referees : Unknown
Linesman : Unknown
Game Notes
No Game Note
Finance
Level 1 -- Attendance: 2000 (100.00%) -- Ticket Income $38,000
Level 2 -- Attendance: 954 (95.40%) -- Ticket Income $8,586
Total Attendance: 2954 (98.47%)
Total Ticket Income: $46,586
Other Income: $2,329
Total Income: $48,915
Sewer Rats
5 vs 5 Forward
Center Left Wing Right Wing Time % Phy DF OF
1 Vincent Trocheck Daniel Carr Mark Mancari 40 1 2 2
2 Jonathan Marchessault Joseph Blandisi Erik Condra 30 1 2 2
3 Drake Caggiula Anthony Duclair Dmitrij Jaskin 20 1 2 2
4 Zach Aston-Reese Jared McCann Mark Mancari 10 1 2 2
5 vs 5 Defense
Defense Defense Time % Phy DF OF
1 Stefan Elliott Jarred Tinordi 40 1 2 2
2 Joel Edmundson John Ramage 30 1 2 2
3 Ryan Murphy Connor Carrick 20 1 2 2
4 Thomas Chabot Xavier Ouellet 10 1 2 2
PowerPlay Forward
Center Left Wing Right Wing Time % Phy DF OF
1 Vincent Trocheck Daniel Carr Mark Mancari 60 1 2 2
2 Jonathan Marchessault Joseph Blandisi Erik Condra 40 1 2 2
PowerPlay Defense
Defense Defense Time % Phy DF OF
1 Stefan Elliott Jarred Tinordi 60 1 2 2
2 Joel Edmundson John Ramage 40 1 2 2
Penalty Kill 4 Players Forward
Center Wing Time % Phy DF OF
1 Vincent Trocheck Mark Mancari 60 1 2 2
2 Daniel Carr Erik Condra 40 1 2 2
Penalty Kill 4 Players Defense
Defense Defense Time % Phy DF OF
1 Stefan Elliott Jarred Tinordi 60 1 2 2
2 Joel Edmundson John Ramage 40 1 2 2
Penalty Kill - 3 Players Forward
Forward Time % Phy DF OF
1 Vincent Trocheck 60 1 2 2
2 Mark Mancari 40 1 2 2
Penalty Kill - 3 Players Defense
Defense Defense Time % Phy DF OF
1 Stefan Elliott Jarred Tinordi 60 1 2 2
2 Joel Edmundson John Ramage 40 1 2 2
4 vs 4 Forward
Center Wing Time % Phy DF OF
1 Vincent Trocheck Mark Mancari 60 1 2 2
2 Daniel Carr Erik Condra 40 1 2 2
4 vs 4 Defense
Defense Defense Time % Phy DF OF
1 Stefan Elliott Jarred Tinordi 60 1 2 2
2 Joel Edmundson John Ramage 40 1 2 2
Last Minutes Offensive
Center Left Wing Right Wing Defense Defense
Vincent Trocheck Daniel Carr Mark Mancari Stefan Elliott Jarred Tinordi
Last Minutes Defensive
Center Left Wing Right Wing Defense Defense
Vincent Trocheck Daniel Carr Mark Mancari Stefan Elliott Jarred Tinordi
Goaltenders
Starting : Darcy Kuemper
Backup : Marek Mazanek
Extra Forwards
Normal : Jared McCann, Dmitrij Jaskin, Drake Caggiula - PP : Jared McCann, Dmitrij Jaskin - PK : Drake Caggiula
Extra Defensemen
Normal : Ryan Murphy, Connor Carrick, Thomas Chabot - PP : Ryan Murphy - PK : Connor Carrick, Thomas Chabot
Penalty Shots
Vincent Trocheck, Mark Mancari, Daniel Carr, Erik Condra, Jonathan Marchessault
Scratches
Dominik Kubalik (Healthy), Nick Cousins (Healthy), Josh Archibald (Healthy), Jonathan Racine (Healthy), Tyler Motte (Healthy)
Chris Calhan (Healthy), Mark Friedman (Healthy), Michael Dal Colle (Healthy), Matteson Iacopelli (Healthy), Adin Hill (Healthy)
Antoine Bibeau (Healthy)
Mulligans
5 vs 5 Forward
Center Left Wing Right Wing Time % Phy DF OF
1 Anton Lander Sven Baertschi Logan Shaw 40 1 2 2
2 Maxime Macenauer Reid Boucher Joonas Donskoi 30 1 2 2
3 Robby Fabbri Brett Seney Valeri Nichushkin 20 1 2 2
4 Jonny Brodzinski Cristiano Digiacinto Conor Garland 10 1 2 2
5 vs 5 Defense
Defense Defense Time % Phy DF OF
1 Ben Hutton Brandon Carlo 40 1 2 2
2 Darren Dietz Ilya Lyubushkin 30 1 2 2
3 Robbie Russo Christian Wolanin 20 1 2 2
4 Ben Hutton Brandon Carlo 10 1 2 2
PowerPlay Forward
Center Left Wing Right Wing Time % Phy DF OF
1 Anton Lander Sven Baertschi Logan Shaw 60 1 2 2
2 Maxime Macenauer Reid Boucher Joonas Donskoi 40 1 2 2
PowerPlay Defense
Defense Defense Time % Phy DF OF
1 Ben Hutton Brandon Carlo 60 1 2 2
2 Darren Dietz Ilya Lyubushkin 40 1 2 2
Penalty Kill 4 Players Forward
Center Wing Time % Phy DF OF
1 Anton Lander Logan Shaw 60 1 2 2
2 Maxime Macenauer Sven Baertschi 40 1 2 2
Penalty Kill 4 Players Defense
Defense Defense Time % Phy DF OF
1 Ben Hutton Brandon Carlo 60 1 2 2
2 Darren Dietz Ilya Lyubushkin 40 1 2 2
Penalty Kill - 3 Players Forward
Forward Time % Phy DF OF
1 Anton Lander 60 1 2 2
2 Logan Shaw 40 1 2 2
Penalty Kill - 3 Players Defense
Defense Defense Time % Phy DF OF
1 Ben Hutton Brandon Carlo 60 1 2 2
2 Darren Dietz Ilya Lyubushkin 40 1 2 2
4 vs 4 Forward
Center Wing Time % Phy DF OF
1 Anton Lander Logan Shaw 60 1 2 2
2 Maxime Macenauer Sven Baertschi 40 1 2 2
4 vs 4 Defense
Defense Defense Time % Phy DF OF
1 Ben Hutton Brandon Carlo 60 1 2 2
2 Darren Dietz Ilya Lyubushkin 40 1 2 2
Last Minutes Offensive
Center Left Wing Right Wing Defense Defense
Anton Lander Sven Baertschi Logan Shaw Ben Hutton Brandon Carlo
Last Minutes Defensive
Center Left Wing Right Wing Defense Defense
Anton Lander Sven Baertschi Logan Shaw Ben Hutton Brandon Carlo
Goaltenders
Starting : Calvin Pickard
Backup : Juuse Saros
Extra Forwards
Normal : Alexander Dergachyov, Valeri Nichushkin, Robby Fabbri - PP : Alexander Dergachyov, Valeri Nichushkin - PK : Robby Fabbri
Extra Defensemen
Normal : Robbie Russo, Christian Wolanin, Darren Dietz - PP : Robbie Russo - PK : Christian Wolanin, Darren Dietz
Penalty Shots
Anton Lander, Logan Shaw, Maxime Macenauer, Sven Baertschi, Joonas Donskoi
Scratches
Dalton Thrower (Strained Right Elbow Injury), Sam Bennett (Broken Bone (Left Foot) Injury)
% Time on Ice - Sewer Rats
Lines # - Real PCT - Wanted PCT - Time Play
Normal Forward
1 - 30% - 40% - 16:00
2 - 28% - 30% - 14:57
3 - 23% - 20% - 12:30
4 - 19% - 10% - 10:08
Normal Defense
1 - 39% - 40% - 20:43
2 - 30% - 30% - 16:19
3 - 19% - 20% - 10:17
4 - 12% - 10% - 6:16
PP Forward
1 - 55% - 60% - 2:11
2 - 45% - 40% - 1:47
PP Defense
1 - 58% - 60% - 2:19
2 - 42% - 40% - 1:39
PK Forward
1 - 85% - 60% - 1:46
2 - 15% - 40% - 0:18
PK Defense
1 - 82% - 60% - 1:42
2 - 18% - 40% - 0:22
PK3 Forward
1 - 70% - 60% - 1:23
2 - 30% - 40% - 0:36
PK3 Defense
1 - 71% - 60% - 1:25
2 - 29% - 40% - 0:34
44 Forward
1 - 78% - 60% - 2:21
2 - 22% - 40% - 0:40
44 Defense
1 - 50% - 60% - 1:30
2 - 50% - 40% - 1:31
Last Minute Offensive - 0:23
Last Minute Defensive - 0:00
Total
Forward - 65:00
Defense - 65:00
|
% Time on Ice - Mulligans
Lines # - Real PCT - Wanted PCT - Time Play
Normal Forward
1 - 38% - 40% - 20:37
2 - 28% - 30% - 14:56
3 - 22% - 20% - 11:33
4 - 12% - 10% - 6:33
Normal Defense
1 - 41% - 40% - 21:51
2 - 31% - 30% - 16:39
3 - 19% - 20% - 10:26
4 - 9% - 10% - 4:43
PP Forward
1 - 49% - 60% - 1:01
2 - 51% - 40% - 1:03
PP Defense
1 - 69% - 60% - 1:25
2 - 31% - 40% - 0:39
PK Forward
1 - 89% - 60% - 3:32
2 - 11% - 40% - 0:26
PK Defense
1 - 58% - 60% - 2:17
2 - 42% - 40% - 1:41
PK3 Forward
1 - 0% - 60%
2 - 0% - 40%
PK3 Defense
1 - 0% - 60%
2 - 0% - 40%
44 Forward
1 - 70% - 60% - 3:29
2 - 30% - 40% - 1:31
44 Defense
1 - 47% - 60% - 2:22
2 - 53% - 40% - 2:38
Last Minute Offensive - 0:00
Last Minute Defensive - 0:19
Total
Forward - 65:00
Defense - 65:00
|
Play-by-Play
1st period
0:01 of 1st period - Anton Lander wins face-off versus Vincent Trocheck in neutral zone.
0:03 of 1st period - Off-side.
0:04 of 1st period - Anton Lander wins face-off versus Mark Mancari in neutral zone.
0:59 of 1st period - John Ramage is hit by Robby Fabbri and loses puck.
1:14 of 1st period - Wrist shot by Jonny Brodzinski.
1:14 of 1st period - Shot Hit the Post.
1:16 of 1st period - Slapshot by Brandon Carlo.
1:16 of 1st period - Stopped by Darcy Kuemper with a rebound.
1:18 of 1st period - Slapshot by Brandon Carlo.
1:18 of 1st period - Deflect By John Ramage.
1:18 of 1st period - Stopped by Darcy Kuemper with a rebound.
1:20 of 1st period - Snap shot by Jonny Brodzinski.
1:20 of 1st period - Shot Misses the Net.
1:22 of 1st period - Wrist shot by Cristiano Digiacinto.
1:22 of 1st period - Stopped by Darcy Kuemper without a rebound.
1:23 of 1st period - Jonathan Marchessault wins face-off versus Anton Lander in Sewer Rats zone.
2:53 of 1st period - Slapshot by Thomas Chabot.
2:53 of 1st period - Shot Misses the Net.
2:55 of 1st period - Wrist shot by Vincent Trocheck.
2:55 of 1st period - Stopped by Calvin Pickard without a rebound.
2:56 of 1st period - Maxime Macenauer wins face-off versus Jonathan Marchessault in Mulligans zone.
3:08 of 1st period - Snap shot by Maxime Macenauer.
3:08 of 1st period - Stopped by Darcy Kuemper with a rebound.
3:47 of 1st period - Slapshot by Logan Shaw.
3:47 of 1st period - Stopped by Darcy Kuemper without a rebound.
3:48 of 1st period - Dmitrij Jaskin wins face-off versus Robby Fabbri in Sewer Rats zone.
3:53 of 1st period - Snap shot by Robby Fabbri.
3:53 of 1st period - Stopped by Darcy Kuemper without a rebound.
3:54 of 1st period - Robby Fabbri wins face-off versus Vincent Trocheck in Sewer Rats zone.
3:55 of 1st period - Wrist shot by Brett Seney.
3:55 of 1st period - Deflect By Vincent Trocheck.
3:55 of 1st period - Stopped by Darcy Kuemper with a rebound.
4:20 of 1st period - Snap shot by Sven Baertschi.
4:20 of 1st period - Stopped by Darcy Kuemper with a rebound.
4:44 of 1st period - Slapshot by Darren Dietz.
4:44 of 1st period - Shot Blocked by Jonathan Marchessault.
4:46 of 1st period - Wrist shot by Jonny Brodzinski.
4:46 of 1st period - Shot Misses the Net.
5:02 of 1st period - Jarred Tinordi is hit by Darren Dietz and loses puck.
5:33 of 1st period - Snap shot by Logan Shaw.
5:33 of 1st period - Stopped by Darcy Kuemper with a rebound.
5:59 of 1st period - Wrist shot by Jonny Brodzinski.
5:59 of 1st period - Stopped by Darcy Kuemper with a rebound.
6:05 of 1st period - Snap shot by Joseph Blandisi.
6:05 of 1st period - Stopped by Calvin Pickard without a rebound.
6:06 of 1st period - Anton Lander wins face-off versus Vincent Trocheck in Mulligans zone.
6:30 of 1st period - Jonathan Marchessault is hit by Reid Boucher and loses puck.
6:39 of 1st period - Slapshot by Maxime Macenauer.
6:39 of 1st period - Stopped by Darcy Kuemper without a rebound.
6:40 of 1st period - Vincent Trocheck wins face-off versus Anton Lander in Sewer Rats zone.
7:05 of 1st period - Brandon Carlo is hit by Joseph Blandisi and loses puck.
7:12 of 1st period - Snap shot by Erik Condra.
7:12 of 1st period - Shot Misses the Net.
7:14 of 1st period - Slapshot by Stefan Elliott.
7:14 of 1st period - Shot Blocked by Ben Hutton.
7:30 of 1st period - Stefan Elliott is hit by Valeri Nichushkin and loses puck.
7:35 of 1st period - Wrist shot by Brett Seney.
7:35 of 1st period - Shot Blocked by Stefan Elliott.
7:56 of 1st period - Wrist shot by Jonny Brodzinski.
7:56 of 1st period - Shot Misses the Net.
8:34 of 1st period - Daniel Carr is hit by Reid Boucher and loses puck.
8:51 of 1st period - Wrist shot by Dmitrij Jaskin.
8:51 of 1st period - Stopped by Calvin Pickard without a rebound.
8:52 of 1st period - Robby Fabbri wins face-off versus Jonathan Marchessault in Mulligans zone.
8:52 of 1st period - Robby Fabbri is hit by Joel Edmundson.
9:04 of 1st period - Snap shot by Valeri Nichushkin.
9:04 of 1st period - Stopped by Darcy Kuemper with a rebound.
9:16 of 1st period - Wrist shot by Robby Fabbri.
9:16 of 1st period - Shot Misses the Net.
9:20 of 1st period - Wrist shot by Robby Fabbri.
9:20 of 1st period - Stopped by Darcy Kuemper with a rebound.
9:22 of 1st period - Slapshot by Ben Hutton.
9:22 of 1st period - Shot Misses the Net.
10:05 of 1st period - Snap shot by Dmitrij Jaskin.
10:05 of 1st period - Stopped by Calvin Pickard with a rebound.
10:57 of 1st period - Snap shot by Darren Dietz.
10:57 of 1st period - Stopped by Darcy Kuemper with a rebound.
11:07 of 1st period - Snap shot by Brett Seney.
11:07 of 1st period - Stopped by Darcy Kuemper with a rebound.
11:09 of 1st period - Slapshot by Ilya Lyubushkin.
11:09 of 1st period - Stopped by Darcy Kuemper with a rebound.
11:11 of 1st period - Slapshot by Ilya Lyubushkin.
11:11 of 1st period - Stopped by Darcy Kuemper without a rebound.
11:12 of 1st period - Anton Lander wins face-off versus Vincent Trocheck in Sewer Rats zone.
11:24 of 1st period - Slapshot by Anton Lander.
11:24 of 1st period - Shot Blocked by Jarred Tinordi.
11:26 of 1st period - Snap shot by Sven Baertschi.
11:26 of 1st period - Shot Misses the Net.
11:28 of 1st period - Snap shot by Logan Shaw.
11:28 of 1st period - Stopped by Darcy Kuemper without a rebound.
11:29 of 1st period - Maxime Macenauer wins face-off versus Jonathan Marchessault in Sewer Rats zone.
11:54 of 1st period - Stefan Elliott is hit by Logan Shaw and loses puck.
12:21 of 1st period - John Ramage is hit by Christian Wolanin and loses puck.
14:54 of 1st period - Icing by Jarred Tinordi.
14:55 of 1st period - Maxime Macenauer wins face-off versus Jonathan Marchessault in Sewer Rats zone.
15:07 of 1st period - Icing by Joseph Blandisi.
15:08 of 1st period - Jonathan Marchessault wins face-off versus Anton Lander in Sewer Rats zone.
15:53 of 1st period - Slapshot by Jonny Brodzinski.
15:53 of 1st period - Goal by Jonny Brodzinski - Sewer Rats : 0 - Mulligans : 1.
15:54 of 1st period - Anton Lander wins face-off versus Vincent Trocheck in neutral zone.
16:03 of 1st period - Slapshot by Logan Shaw.
16:03 of 1st period - Shot Hit the Post.
16:42 of 1st period - Off-side.
16:43 of 1st period - Drake Caggiula wins face-off versus Robby Fabbri in neutral zone.
16:46 of 1st period - Wrist shot by Anthony Duclair.
16:46 of 1st period - Stopped by Calvin Pickard without a rebound.
16:47 of 1st period - Anton Lander wins face-off versus Vincent Trocheck in Mulligans zone.
16:47 of 1st period - Anton Lander is hit by Vincent Trocheck.
17:13 of 1st period - Jonathan Marchessault is hit by Brandon Carlo and loses puck.
17:33 of 1st period - Icing by Joonas Donskoi.
17:34 of 1st period - Robby Fabbri wins face-off versus Drake Caggiula in Mulligans zone.
17:45 of 1st period - Backhand shot by Valeri Nichushkin.
17:45 of 1st period - Deflect By Brett Seney.
17:45 of 1st period - Stopped by Darcy Kuemper without a rebound.
17:46 of 1st period - Daniel Carr wins face-off versus Anton Lander in Sewer Rats zone.
17:59 of 1st period - Wrist shot by Mark Mancari.
17:59 of 1st period - Shot Misses the Net.
18:01 of 1st period - Wrist shot by Stefan Elliott.
18:01 of 1st period - Stopped by Calvin Pickard without a rebound.
18:02 of 1st period - Jonathan Marchessault wins face-off versus Maxime Macenauer in Mulligans zone.
18:21 of 1st period - Brandon Carlo is hit by Stefan Elliott and loses puck.
18:44 of 1st period - Wrist shot by Anton Lander.
18:44 of 1st period - Shot Blocked by Joel Edmundson.
19:54 of 1st period - Icing by Stefan Elliott.
19:55 of 1st period - Drake Caggiula wins face-off versus Anton Lander in Sewer Rats zone.
Goals for this period are 0 for Sewer Rats vs 1 for Mulligans.
Shots for this period are 6 for Sewer Rats vs 20 for Mulligans.
2nd period
0:01 of 2nd period - Anton Lander wins face-off versus Vincent Trocheck in neutral zone.
0:16 of 2nd period - Wrist shot by Vincent Trocheck.
0:16 of 2nd period - Shot Blocked by Brandon Carlo.
0:19 of 2nd period - Icing by Brandon Carlo.
0:20 of 2nd period - Jonathan Marchessault wins face-off versus Anton Lander in Mulligans zone.
0:41 of 2nd period - Wrist shot by Sven Baertschi.
0:41 of 2nd period - Shot Misses the Net.
0:57 of 2nd period - Wrist shot by Erik Condra.
0:57 of 2nd period - Stopped by Calvin Pickard without a rebound.
0:58 of 2nd period - Vincent Trocheck wins face-off versus Maxime Macenauer in Mulligans zone.
0:59 of 2nd period - Wrist shot by Daniel Carr.
0:59 of 2nd period - Stopped by Calvin Pickard without a rebound.
1:00 of 2nd period - Vincent Trocheck wins face-off versus Maxime Macenauer in Mulligans zone.
1:38 of 2nd period - Snap shot by Erik Condra.
1:38 of 2nd period - Stopped by Calvin Pickard with a rebound.
1:50 of 2nd period - Jarred Tinordi is hit by Maxime Macenauer and loses puck.
1:59 of 2nd period - Snap shot by Joonas Donskoi.
1:59 of 2nd period - Goal by Joonas Donskoi - Sewer Rats : 0 - Mulligans : 2.
2:00 of 2nd period - Vincent Trocheck wins face-off versus Anton Lander in neutral zone.
2:02 of 2nd period - Minor Penalty to Vincent Trocheck for Interference.
2:03 of 2nd period - Anton Lander wins face-off versus Drake Caggiula in Sewer Rats zone.
2:07 of 2nd period - Wrist shot by Logan Shaw.
2:07 of 2nd period - Goal by Logan Shaw - Sewer Rats : 0 - Mulligans : 3.
2:08 of 2nd period - Vincent Trocheck wins face-off versus Anton Lander in neutral zone.
2:08 of 2nd period - Vincent Trocheck is hit by Sven Baertschi.
2:12 of 2nd period - Snap shot by Mark Mancari.
2:12 of 2nd period - Stopped by Calvin Pickard without a rebound.
2:13 of 2nd period - Vincent Trocheck wins face-off versus Anton Lander in Mulligans zone.
2:14 of 2nd period - Wrist shot by Daniel Carr.
2:14 of 2nd period - Shot Misses the Net.
2:59 of 2nd period - Wrist shot by Drake Caggiula.
2:59 of 2nd period - Shot Misses the Net.
3:01 of 2nd period - Wrist shot by Drake Caggiula.
3:01 of 2nd period - Shot Blocked by Robby Fabbri.
3:03 of 2nd period - Snap shot by Anthony Duclair.
3:03 of 2nd period - Stopped by Calvin Pickard with a rebound.
3:05 of 2nd period - Wrist shot by Dmitrij Jaskin.
3:05 of 2nd period - Stopped by Calvin Pickard with a rebound.
3:07 of 2nd period - Wrist shot by Anthony Duclair.
3:07 of 2nd period - Shot Misses the Net.
3:09 of 2nd period - Wrist shot by Dmitrij Jaskin.
3:09 of 2nd period - Stopped by Calvin Pickard without a rebound.
3:10 of 2nd period - Anton Lander wins face-off versus Vincent Trocheck in Mulligans zone.
3:35 of 2nd period - Joseph Blandisi is hit by Maxime Macenauer and loses puck.
4:19 of 2nd period - Snap shot by Mark Mancari.
4:19 of 2nd period - Stopped by Calvin Pickard without a rebound.
4:20 of 2nd period - Zach Aston-Reese wins face-off versus Anton Lander in Mulligans zone.
4:35 of 2nd period - Snap shot by Logan Shaw.
4:35 of 2nd period - Stopped by Darcy Kuemper without a rebound.
4:36 of 2nd period - Maxime Macenauer wins face-off versus Vincent Trocheck in Sewer Rats zone.
5:13 of 2nd period - Slapshot by Logan Shaw.
5:13 of 2nd period - Shot Misses the Net.
5:52 of 2nd period - Off-side.
5:53 of 2nd period - Jonny Brodzinski wins face-off versus Zach Aston-Reese in neutral zone.
5:56 of 2nd period - Zach Aston-Reese is hit by Conor Garland and loses puck.
6:19 of 2nd period - Wrist shot by Jonny Brodzinski.
6:19 of 2nd period - Stopped by Darcy Kuemper with a rebound.
6:22 of 2nd period - Icing by Jonathan Marchessault.
6:23 of 2nd period - Anton Lander wins face-off versus Jonathan Marchessault in Sewer Rats zone.
7:04 of 2nd period - Minor Penalty to Erik Condra for Hooking.
7:05 of 2nd period - Vincent Trocheck wins face-off versus Maxime Macenauer in Sewer Rats zone.
9:04 of 2nd period - Penalty to Erik Condra is over, Erik Condra is back on ice.
9:14 of 2nd period - Off-side.
9:15 of 2nd period - Jonny Brodzinski wins face-off versus Jonathan Marchessault in neutral zone.
9:18 of 2nd period - Slapshot by Jonny Brodzinski.
9:18 of 2nd period - Shot Misses the Net.
9:20 of 2nd period - Snap shot by Cristiano Digiacinto.
9:20 of 2nd period - Shot Misses the Net.
9:22 of 2nd period - Snap shot by Conor Garland.
9:22 of 2nd period - Stopped by Darcy Kuemper without a rebound.
9:23 of 2nd period - Robby Fabbri wins face-off versus Vincent Trocheck in Sewer Rats zone.
9:50 of 2nd period - Slapshot by Jonathan Marchessault.
9:50 of 2nd period - Shot Misses the Net.
9:52 of 2nd period - Snap shot by Jonathan Marchessault.
9:52 of 2nd period - Stopped by Calvin Pickard with a rebound.
9:54 of 2nd period - Slapshot by Joseph Blandisi.
9:54 of 2nd period - Goal by Joseph Blandisi - Sewer Rats : 1 - Mulligans : 3.
9:55 of 2nd period - Anton Lander wins face-off versus Vincent Trocheck in neutral zone.
10:49 of 2nd period - Snap shot by Valeri Nichushkin.
10:49 of 2nd period - Shot Misses the Net.
11:36 of 2nd period - Off-side.
11:37 of 2nd period - Vincent Trocheck wins face-off versus Anton Lander in neutral zone.
11:41 of 2nd period - Off-side.
11:42 of 2nd period - Vincent Trocheck wins face-off versus Logan Shaw in neutral zone.
11:45 of 2nd period - Snap shot by Vincent Trocheck.
11:45 of 2nd period - Shot Misses the Net.
11:47 of 2nd period - Wrist shot by Vincent Trocheck.
11:47 of 2nd period - Shot Misses the Net.
12:09 of 2nd period - John Ramage is hit by Joonas Donskoi and loses puck.
12:14 of 2nd period - Slapshot by Maxime Macenauer.
12:14 of 2nd period - Stopped by Darcy Kuemper without a rebound.
12:15 of 2nd period - Vincent Trocheck wins face-off versus Maxime Macenauer in Sewer Rats zone.
13:44 of 2nd period - Jarred Tinordi is hit by Darren Dietz and loses puck.
14:09 of 2nd period - Wrist shot by Dmitrij Jaskin.
14:09 of 2nd period - Stopped by Calvin Pickard without a rebound.
14:10 of 2nd period - Anton Lander wins face-off versus Vincent Trocheck in Mulligans zone.
14:37 of 2nd period - Brandon Carlo is hit by Jonathan Marchessault and loses puck.
14:44 of 2nd period - Jonathan Marchessault is hit by Robby Fabbri and loses puck.
15:05 of 2nd period - Jared McCann is hit by Jonny Brodzinski.
15:10 of 2nd period - Icing by Joel Edmundson.
15:11 of 2nd period - Zach Aston-Reese wins face-off versus Anton Lander in Sewer Rats zone.
16:52 of 2nd period - Slapshot by Anton Lander.
16:52 of 2nd period - Shot Blocked by Zach Aston-Reese.
17:00 of 2nd period - Logan Shaw is hit by Zach Aston-Reese and loses puck.
18:06 of 2nd period - Snap shot by Logan Shaw.
18:06 of 2nd period - Stopped by Darcy Kuemper with a rebound.
19:01 of 2nd period - Slapshot by Joel Edmundson.
19:01 of 2nd period - Shot Blocked by Ben Hutton.
19:23 of 2nd period - Snap shot by Zach Aston-Reese.
19:23 of 2nd period - Stopped by Calvin Pickard with a rebound.
Goals for this period are 1 for Sewer Rats vs 2 for Mulligans.
Shots for this period are 12 for Sewer Rats vs 7 for Mulligans.
3rd period
0:01 of 3rd period - Maxime Macenauer wins face-off versus Daniel Carr in neutral zone.
1:40 of 3rd period - Wrist shot by Erik Condra.
1:40 of 3rd period - Stopped by Calvin Pickard without a rebound.
1:41 of 3rd period - Maxime Macenauer wins face-off versus Jonathan Marchessault in Mulligans zone.
1:46 of 3rd period - Wrist shot by Erik Condra.
1:46 of 3rd period - Stopped by Calvin Pickard without a rebound.
1:47 of 3rd period - Vincent Trocheck wins face-off versus Maxime Macenauer in Mulligans zone.
1:48 of 3rd period - Snap shot by Daniel Carr.
1:48 of 3rd period - Stopped by Calvin Pickard with a rebound.
1:58 of 3rd period - Wrist shot by Maxime Macenauer.
1:58 of 3rd period - Shot Blocked by Stefan Elliott.
2:00 of 3rd period - Backhand shot by Christian Wolanin.
2:00 of 3rd period - Stopped by Darcy Kuemper without a rebound.
2:01 of 3rd period - Vincent Trocheck wins face-off versus Robby Fabbri in Sewer Rats zone.
2:52 of 3rd period - Minor Penalty to Darren Dietz for Charging.
2:53 of 3rd period - Anton Lander wins face-off versus Vincent Trocheck in Mulligans zone.
3:05 of 3rd period - Wrist shot by Mark Mancari.
3:05 of 3rd period - Shot Misses the Net.
3:07 of 3rd period - Slapshot by John Ramage.
3:07 of 3rd period - Stopped by Calvin Pickard without a rebound.
3:08 of 3rd period - Anton Lander wins face-off versus Vincent Trocheck in Mulligans zone.
4:52 of 3rd period - Penalty to Darren Dietz is over, Darren Dietz is back on ice.
5:04 of 3rd period - Snap shot by Conor Garland.
5:04 of 3rd period - Deflect By Jonny Brodzinski.
5:04 of 3rd period - Stopped by Darcy Kuemper with a rebound.
5:06 of 3rd period - Slapshot by Conor Garland.
5:06 of 3rd period - Stopped by Darcy Kuemper with a rebound.
5:32 of 3rd period - Backhand shot by Anthony Duclair.
5:32 of 3rd period - Shot Misses the Net.
5:35 of 3rd period - Icing by Darren Dietz.
5:36 of 3rd period - Maxime Macenauer wins face-off versus Zach Aston-Reese in Mulligans zone.
5:36 of 3rd period - Maxime Macenauer is hit by Mark Mancari.
5:46 of 3rd period - Mark Mancari is hit by Ilya Lyubushkin and loses puck.
6:23 of 3rd period - Wrist shot by Dmitrij Jaskin.
6:23 of 3rd period - Shot Misses the Net.
6:25 of 3rd period - Snap shot by Anthony Duclair.
6:25 of 3rd period - Goal by Anthony Duclair - Sewer Rats : 2 - Mulligans : 3.
6:26 of 3rd period - Daniel Carr wins face-off versus Maxime Macenauer in neutral zone.
6:31 of 3rd period - Slapshot by Mark Mancari.
6:31 of 3rd period - Stopped by Calvin Pickard with a rebound.
6:33 of 3rd period - Backhand shot by Mark Mancari.
6:33 of 3rd period - Stopped by Calvin Pickard without a rebound.
6:34 of 3rd period - Maxime Macenauer wins face-off versus Vincent Trocheck in Mulligans zone.
7:09 of 3rd period - Wrist shot by Erik Condra.
7:09 of 3rd period - Stopped by Calvin Pickard with a rebound.
7:46 of 3rd period - Slapshot by Ben Hutton.
7:46 of 3rd period - Stopped by Darcy Kuemper with a rebound.
8:02 of 3rd period - Slapshot by Erik Condra.
8:02 of 3rd period - Shot Misses the Net.
8:37 of 3rd period - Snap shot by Mark Mancari.
8:37 of 3rd period - Shot Misses the Net.
8:47 of 3rd period - Minor Penalty to Christian Wolanin for Holding.
8:48 of 3rd period - Anton Lander wins face-off versus Vincent Trocheck in Mulligans zone.
8:48 of 3rd period - Anton Lander is hit by Jarred Tinordi.
9:02 of 3rd period - Slapshot by Stefan Elliott.
9:02 of 3rd period - Shot Blocked by Ilya Lyubushkin.
9:45 of 3rd period - Ben Hutton is hit by Joseph Blandisi and loses puck.
10:47 of 3rd period - Penalty to Christian Wolanin is over, Christian Wolanin is back on ice.
10:55 of 3rd period - Christian Wolanin is hit by Anthony Duclair and loses puck.
12:50 of 3rd period - Slapshot by Darren Dietz.
12:50 of 3rd period - Shot Misses the Net.
12:54 of 3rd period - Wrist shot by Conor Garland.
12:54 of 3rd period - Shot Blocked by Jarred Tinordi.
13:28 of 3rd period - Ryan Murphy is hit by Ben Hutton and loses puck.
13:56 of 3rd period - Zach Aston-Reese is hit by Robby Fabbri and loses puck.
14:01 of 3rd period - Wrist shot by Brett Seney.
14:01 of 3rd period - Stopped by Darcy Kuemper without a rebound.
14:02 of 3rd period - Anton Lander wins face-off versus Vincent Trocheck in Sewer Rats zone.
14:07 of 3rd period - Wrist shot by Logan Shaw.
14:07 of 3rd period - Stopped by Darcy Kuemper with a rebound.
14:09 of 3rd period - Slapshot by Brandon Carlo.
14:09 of 3rd period - Stopped by Darcy Kuemper without a rebound.
14:10 of 3rd period - Anton Lander wins face-off versus Vincent Trocheck in Sewer Rats zone.
14:17 of 3rd period - Wrist shot by Anton Lander.
14:17 of 3rd period - Stopped by Darcy Kuemper with a rebound.
14:21 of 3rd period - Wrist shot by Anton Lander.
14:21 of 3rd period - Deflect By Sven Baertschi.
14:21 of 3rd period - Stopped by Darcy Kuemper with a rebound.
14:23 of 3rd period - Slapshot by Brandon Carlo.
14:23 of 3rd period - Shot Blocked by Daniel Carr.
14:25 of 3rd period - Snap shot by Anton Lander.
14:25 of 3rd period - Stopped by Darcy Kuemper without a rebound.
14:26 of 3rd period - Maxime Macenauer wins face-off versus Joseph Blandisi in Sewer Rats zone.
14:31 of 3rd period - Snap shot by Maxime Macenauer.
14:31 of 3rd period - Stopped by Darcy Kuemper with a rebound.
15:01 of 3rd period - Off-side.
15:02 of 3rd period - Robby Fabbri wins face-off versus Vincent Trocheck in neutral zone.
15:13 of 3rd period - Slapshot by Vincent Trocheck.
15:13 of 3rd period - Stopped by Calvin Pickard without a rebound.
15:14 of 3rd period - Robby Fabbri wins face-off versus Vincent Trocheck in Mulligans zone.
15:19 of 3rd period - Slapshot by Ben Hutton.
15:19 of 3rd period - Shot Misses the Net.
15:21 of 3rd period - Snap shot by Valeri Nichushkin.
15:21 of 3rd period - Shot Blocked by Stefan Elliott.
15:23 of 3rd period - Wrist shot by Valeri Nichushkin.
15:23 of 3rd period - Goal by Valeri Nichushkin - Sewer Rats : 2 - Mulligans : 4.
15:24 of 3rd period - Vincent Trocheck wins face-off versus Robby Fabbri in neutral zone.
15:31 of 3rd period - Snap shot by Vincent Trocheck.
15:31 of 3rd period - Stopped by Calvin Pickard without a rebound.
15:32 of 3rd period - Vincent Trocheck wins face-off versus Robby Fabbri in Mulligans zone.
15:37 of 3rd period - Backhand shot by Vincent Trocheck.
15:37 of 3rd period - Shot Misses the Net.
15:39 of 3rd period - Snap shot by Stefan Elliott.
15:39 of 3rd period - Deflect By Mark Mancari.
15:39 of 3rd period - Stopped by Calvin Pickard with a rebound.
15:43 of 3rd period - Wrist shot by Daniel Carr.
15:43 of 3rd period - Shot Blocked by Brett Seney.
15:45 of 3rd period - Wrist shot by Daniel Carr.
15:45 of 3rd period - Stopped by Calvin Pickard without a rebound.
15:46 of 3rd period - Vincent Trocheck wins face-off versus Anton Lander in Mulligans zone.
15:49 of 3rd period - Wrist shot by Mark Mancari.
15:49 of 3rd period - Shot Misses the Net.
16:11 of 3rd period - Valeri Nichushkin is hit by Joseph Blandisi and loses puck.
16:59 of 3rd period - Snap shot by Daniel Carr.
16:59 of 3rd period - Stopped by Calvin Pickard without a rebound.
17:00 of 3rd period - Vincent Trocheck wins face-off versus Robby Fabbri in Mulligans zone.
17:45 of 3rd period - Wrist shot by Vincent Trocheck.
17:45 of 3rd period - Stopped by Calvin Pickard with a rebound.
17:51 of 3rd period - Slapshot by Ben Hutton.
17:51 of 3rd period - Stopped by Darcy Kuemper with a rebound.
17:53 of 3rd period - Slapshot by Brandon Carlo.
17:53 of 3rd period - Shot Blocked by Thomas Chabot.
17:55 of 3rd period - Slapshot by Ben Hutton.
17:55 of 3rd period - Stopped by Darcy Kuemper with a rebound.
18:05 of 3rd period - Slapshot by Vincent Trocheck.
18:05 of 3rd period - Goal by Vincent Trocheck - Sewer Rats : 3 - Mulligans : 4.
18:06 of 3rd period - Jonathan Marchessault wins face-off versus Robby Fabbri in neutral zone.
18:37 of 3rd period - Slapshot by Dmitrij Jaskin.
18:37 of 3rd period - Shot Blocked by Sven Baertschi.
18:39 of 3rd period - Snap shot by Dmitrij Jaskin.
18:39 of 3rd period - Stopped by Calvin Pickard with a rebound.
18:41 of 3rd period - Snap shot by Drake Caggiula.
18:41 of 3rd period - Shot Misses the Net.
18:51 of 3rd period - Sewer Rats, Darcy Kuemper is pulled from the net.
19:05 of 3rd period - Snap shot by Vincent Trocheck.
19:05 of 3rd period - Shot Blocked by Ilya Lyubushkin.
19:07 of 3rd period - Snap shot by Stefan Elliott.
19:07 of 3rd period - Goal by Stefan Elliott - Sewer Rats : 4 - Mulligans : 4.
19:07 of 3rd period - Darcy Kuemper from Sewer Rats was sent back in the game.
19:08 of 3rd period - Vincent Trocheck wins face-off versus Robby Fabbri in neutral zone.
19:45 of 3rd period - Stefan Elliott is hit by Logan Shaw and loses puck.
Goals for this period are 3 for Sewer Rats vs 1 for Mulligans.
Shots for this period are 17 for Sewer Rats vs 14 for Mulligans.
Overtime #1
0:01 of 1st overtime period - Anton Lander wins face-off versus Mark Mancari in neutral zone.
0:05 of 1st overtime period - Minor Penalty to Stefan Elliott for Tripping.
0:06 of 1st overtime period - Vincent Trocheck wins face-off versus Anton Lander in Sewer Rats zone.
1:10 of 1st overtime period - Logan Shaw is hit by Drake Caggiula and loses puck.
1:31 of 1st overtime period - Vincent Trocheck is hit by Brandon Carlo and loses puck.
1:54 of 1st overtime period - Snap shot by Mark Mancari.
1:54 of 1st overtime period - Stopped by Calvin Pickard without a rebound.
1:55 of 1st overtime period - Anton Lander wins face-off versus Mark Mancari in Mulligans zone.
2:05 of 1st overtime period - Penalty to Stefan Elliott is over, Stefan Elliott is back on ice.
2:56 of 1st overtime period - Wrist shot by Daniel Carr.
2:56 of 1st overtime period - Stopped by Calvin Pickard without a rebound.
2:57 of 1st overtime period - Maxime Macenauer wins face-off versus Vincent Trocheck in Mulligans zone.
3:04 of 1st overtime period - Vincent Trocheck is hit by Maxime Macenauer and loses puck.
3:31 of 1st overtime period - Anton Lander is hit by Dmitrij Jaskin and loses puck.
3:36 of 1st overtime period - Snap shot by Dmitrij Jaskin.
3:36 of 1st overtime period - Stopped by Calvin Pickard with a rebound.
4:08 of 1st overtime period - Joel Edmundson is hit by Ilya Lyubushkin and loses puck.
4:33 of 1st overtime period - Darren Dietz is hit by Jarred Tinordi and loses puck.
Goals for this period are 0 for Sewer Rats vs 0 for Mulligans.
Shots for this period are 3 for Sewer Rats vs 0 for Mulligans.
ShootOut
5:00 of 1st overtime period - Round #1.
5:00 of 1st overtime period - Sewer Rats, Vincent Trocheck.
5:00 of 1st overtime period - Backhand shot by Vincent Trocheck.
5:00 of 1st overtime period - Stopped by Calvin Pickard.
5:00 of 1st overtime period - Mulligans, Anton Lander.
5:00 of 1st overtime period - Snap shot by Anton Lander.
5:00 of 1st overtime period - Stopped by Darcy Kuemper.
5:00 of 1st overtime period - Round #2.
5:00 of 1st overtime period - Sewer Rats, Mark Mancari.
5:00 of 1st overtime period - Wrist shot by Mark Mancari.
5:00 of 1st overtime period - Stopped by Calvin Pickard.
5:00 of 1st overtime period - Mulligans, Logan Shaw.
5:00 of 1st overtime period - Wrist shot by Logan Shaw.
5:00 of 1st overtime period - Stopped by Darcy Kuemper.
5:00 of 1st overtime period - Round #3.
5:00 of 1st overtime period - Sewer Rats, Daniel Carr.
5:00 of 1st overtime period - Wrist shot by Daniel Carr.
5:00 of 1st overtime period - Shot Misses the Net.
5:00 of 1st overtime period - Mulligans, Maxime Macenauer.
5:00 of 1st overtime period - Backhand shot by Maxime Macenauer.
5:00 of 1st overtime period - Stopped by Darcy Kuemper.
5:00 of 1st overtime period - Round #4.
5:00 of 1st overtime period - Sewer Rats, Erik Condra.
5:00 of 1st overtime period - Snap shot by Erik Condra.
5:00 of 1st overtime period - Goal by Erik Condra.
5:00 of 1st overtime period - Mulligans, Sven Baertschi.
5:00 of 1st overtime period - Snap shot by Sven Baertschi.
5:00 of 1st overtime period - Stopped by Darcy Kuemper.
Output by the SimonT Hockey Simulator (STHS) for Francois Prevost